 Dungeon Crawl Stone Soup version 0.23.2-1-ga50397a6bc (webtiles) character file.

Game seed: 3338465522444134773

174 Mrkan the Poker (level 5, -5/41 HPs)
             Began as a Merfolk Gladiator on May 19, 2019.
             Was an Initiate of Dithmenos.
             Slain by an ogre
             ... wielding a +0 giant club
              (18 damage)
             ... on level 3 of the Dungeon.
             The game lasted 00:06:19 (2677 turns).

Mrkan the Poker (Merfolk Gladiator)                 Turns: 2677, Time: 00:06:19

Health: -5/41      AC:  4    Str: 16    XL:     5   Next: 54%
Magic:  5/5        EV: 15    Int:  7    God:    Dithmenos [......]
Gold:   193        SH:  0    Dex: 15    Spells: 4/4 levels left

rFire    . . .     SeeInvis .   a - +0 trident
rCold    . . .     Gourm    .   (no shield)
rNeg     . . .     Faith    .   b - +0 leather armour
rPois    .         Spirit   .   c - +0 helmet
rElec    .         Reflect  .   (no cloak)
rCorr    .         Harm     .   (no gloves)
MR       .....                  (no boots)
Stlth    +.........             (no amulet)
HPRegen  0.13/turn              (no ring)
MPRegen  0.09/turn              (no ring)

@: no status effects
A: change form in water, swift swim, stealthy swim
a: Renounce Religion


You were on level 3 of the Dungeon.
You worshipped Dithmenos.
Dithmenos was noncommittal.
You were hungry.

You visited 1 branch of the dungeon, and saw 4 of its levels.

You collected 193 gold pieces.

Inventory:

Hand Weapons
 a - a +0 trident (weapon)
Missiles
 d - 4 throwing nets (quivered)
Armour
 b - a +0 leather armour (worn)
 c - a +0 helmet (worn)
Wands
 s - a wand of flame (18)
 v - a wand of clouds (8)
 x - a wand of iceblast (4)
Scrolls
 g - a scroll of enchant weapon {unknown}
 h - 3 scrolls of identify {unknown}
 i - 4 scrolls of remove curse {unknown}
 j - 3 scrolls of blinking {unknown}
 k - a scroll of immolation {unknown}
 m - a scroll of fear {unknown}
 o - a scroll of enchant armour {unknown}
 p - 3 scrolls of teleportation {unknown}
 w - a scroll of random uselessness {unknown}
Potions
 e - a potion of curing
 l - 2 potions of haste {unknown}
 n - a potion of mutation {unknown}
 q - 4 potions of lignification {unknown}
 r - a potion of degeneration {unknown}
 t - a potion of flight {unknown}
 u - a potion of brilliance {unknown}
Comestibles
 f - 5 rations


   Skills:
 + Level 3.5 Fighting
 * Level 6.9 Polearms
 - Level 2.0 Throwing
 + Level 5.2 Dodging
 + Level 0.2 Invocations


You had 4 spell levels left.
You didn't know any spells.
Your spell library was empty.

Dungeon Overview and Level Annotations

Branches:
Dungeon (4/15)
 Temple: D:4-7

Altars:
Dithmenos
Wu Jian


Message History

The orc hits you with a +0 short sword. The ogre barely misses you.
There is a stone staircase leading up here.
The orc closely misses you.
The orc priest mumbles some strange prayers to Beogh against you.
You barely resist.
You climb upwards.
There is a stone staircase leading down here.
You hit the orc.
The orc is severely wounded.
The ogre hits you with a +0 giant club!!
The orc hits you with a +0 short sword.
* * * LOW HITPOINT WARNING * * *
You barely miss the orc.
The orc is severely wounded.
The orc barely misses you. The ogre misses you.
You puncture the orc!
You kill the orc!
Dithmenos accepts your kill.
The ogre hits you with a +0 giant club!!
You die...

###.######.#.#..#
#...^........#..#
#.#.######.###..##
#.#.# ##...#.#.
#.#.# ####.#..
####.#<# #.###.
#......# ##.#..
#.##O### ##.#.
#>##@# #.#. #.##)#
#)#. #.##†# #.#.
#....# #.#. ####.#
#.#) #.# #.#.
####.# #.#. #....#
#.#. #.##.# #...


You could see an ogre.

Vanquished Creatures
  4 gnolls (D:2)
  4 adders
  An ooze (D:1)
  A worm (D:3)
  3 dart slugs
  2 leopard geckos
  7 orcs
  9 bats
  7 giant cockroaches
  4 goblins
  6 hobgoblins
  6 jackals
  7 kobolds
  2 ball pythons
  6 frilled lizards
  A quokka skeleton (D:3)
  12 rats
82 creatures vanquished.

Notes
Turn   | Place    | Note
-------+----------+-------------------------------------------
     0 | D:1      | Mrkan the Merfolk Gladiator began the quest for the Orb.
     0 | D:1      | Reached XP level 1. HP: 16/16 MP: 1/1
    94 | D:1      | Reached XP level 2. HP: 22/23 MP: 2/2
   176 | D:1      | Reached skill level 5 in Polearms
   320 | D:1      | Reached XP level 3. HP: 28/28 MP: 3/3
   842 | D:2      | Reached XP level 4. HP: 34/34 MP: 4/4
   951 | D:2      | Reached skill level 6 in Polearms
  1362 | D:2      | Reached skill level 5 in Dodging
  1362 | D:2      | Reached XP level 5. HP: 41/41 MP: 5/5
  1721 | D:3      | Noticed an ice beast
  2075 | D:3      | Found a faded altar of an unknown god.
  2161 | D:3      | Found an ornate altar of the Wu Jian Council.
  2257 | D:3      | Found a shadowy altar of Dithmenos.
  2275 | D:3      | Became a worshipper of Dithmenos the Shadowed
  2505 | D:4      | Noticed an ogre
  2677 | D:3      | Slain by an ogre

Skill      XL: |  1  2  3  4 |
---------------+-------------+-----
Polearms       | 5 6 |  6.9
Fighting       | 3 |  3.5
Dodging        | 5 |  5.2
Throwing       | |  2.0
Invocations    | |  0.2

Action                   |  1- 3 |  4- 6 || total
-------------------------+-------+-------++-------
Melee: Trident           |   132 |   155 ||   287
  Use: Potion            |       |     2 ||     2
 Stab: Sleeping          |     5 |     3 ||     8
  Eat: Chunk             |       |     5 ||     5
Armor: Leather armour    |    37 |    21 ||    58
Dodge: Dodged            |   103 |   107 ||   210
